 Dungeon Crawl Stone Soup version 0.31.0-12-g77e489cdc1 (webtiles) character file.

Game seed: 7902619834938945826

64 sking99 the Apothecary (level 4, 0/25 HPs)
             Began as a Kobold Alchemist on Feb 28, 2024.
             Slain by a black bear (1 damage)
             ... on level 3 of the Dungeon.
             The game lasted 00:04:28 (2406 turns).

sking99 the Apothecary (Kobold Alchemist)           Turns: 2406, Time: 00:04:29

Health: 0/25       AC:  2    Str:  7    XL:     4   Next: 32%
Magic:  1/7        EV: 15    Int: 16    God:
Gold:   139        SH:  0    Dex: 15    Spells: 3/7 levels left

rFire   . . .        (weapon restricted)
rCold   . . .        (no shield)
rNeg    . . .        a - +0 robe
rPois   .            (no helmet)
rElec   .            (no cloak)
rCorr   .            (no gloves)
SInv    .            (no boots)
Will    .....        (no amulet)
Stlth   +++          (no ring)
HPRegen 0.24/turn    (no ring)
MPRegen 0.10/turn

%: no passive effects
@: no status effects
A: small, no large weapons, nightstalker 3
a: no special abilities


You were on level 3 of the Dungeon.
You visited 1 branch of the dungeon, and saw 3 of its levels.

You collected 139 gold pieces.

Inventory:

Armour
 a - a +0 robe (worn)
Jewellery
 e - a ring of protection from cold
 l - a ring of flight
Scrolls
 c - a scroll of poison {unknown}
 f - a scroll of identify {unknown}
 h - a scroll of revelation {unknown}
 i - a scroll of noise {unknown}
 j - a scroll of enchant armour {unknown}
 k - a scroll of silence {unknown}
Potions
 b - 2 potions of magic
 d - a potion of degeneration {unknown}
 g - 2 potions of might {unknown}
 m - a potion of heal wounds {unknown}


   Skills:
 - Level 1.0 Fighting
 - Level 2.4 Dodging
 - Level 2.6 Stealth
 - Level 2.4 Spellcasting
 - Level 1.3 Conjurations
 - Level 0.1 Air Magic
 + Level 2.6 Earth Magic
 - Level 3.3 Alchemy


You had 3 spell levels left.
You knew the following spells:

 Your Spells              Type           Power      Damage    Failure   Level
a - Sting                 Conj/Alch      36%        1d5       8%          1
b - Mercury Vapours       Alch/Air       14%        N/A       16%         2
c - Sandblast             Erth           20%        2d7       7%          1

Your spell library contained the following spells:

 Spells                   Type           Power      Damage    Failure   Level
 Passwall                 Erth           10%        N/A       21%         3
 Stone Arrow              Conj/Erth      16%        3d8       26%         3
 Jinxbite                 Hex            2%         N/A       30%         2
 Mephitic Cloud           Conj/Alch/Air  7%         N/A       30%         3
 Olgreb's Toxic Radiance  Alch           12%        N/A       45%         4
 Brom's Barrelling Bould  Conj/Erth      8%         2d3       65%         4
 Sticky Flame             Fire/Alch      7%         2d4       69%         4
 Yara's Violent Unravell  Hex/Alch       3%         3d4       95%         5
 Enfeeble                 Hex            0%         N/A       100%        7


Dungeon Overview and Level Annotations

Branches:
Dungeon (3/15)

Altars:
Elyvilon


Innate Abilities, Weirdness & Mutations

You are small and have problems with some larger weapons.
You are completely attuned to the shadows.


Message History

Confirm with . or Enter, or press ? or * to list all spells.
Aiming: Sandblast (safe; 7% risk of failure)
Press: ? - help, Shift-Dir - straight line, f/p - black bear
Aim: a black bear (severely wounded, very poisoned, weak, 87% to hit)
The blast of sand hits the black bear.
The black bear is severely wounded.
The black bear bites you.
* * * LOW HITPOINT WARNING * * *
The black bear misses you. x2
Casting: Sandblast (safe; 7% risk of failure)
Confirm with . or Enter, or press ? or * to list all spells.
Aiming: Sandblast (safe; 7% risk of failure)
Press: ? - help, Shift-Dir - straight line, f/p - black bear
Aim: a black bear (severely wounded, very poisoned, weak, 87% to hit)
The blast of sand hits the black bear.
The black bear is almost dead.
The black bear barely misses you. The black bear closely misses you. x2
The black bear bites you but does no damage.
The black bear completely misses you. The black bear claws you.
* * * LOW HITPOINT WARNING * * *
You closely miss the black bear.
The black bear is almost dead.
The black bear is no longer weakened.
The black bear barely misses you. The black bear closely misses you.
The black bear completely misses you.
Your magical contamination has completely faded away.
You hit the black bear but do no damage.
The black bear is almost dead.
Your attacks no longer feel as feeble.
The black bear goes berserk!
You hit the black bear but do no damage.
The black bear is almost dead.
The black bear bites you.
* * * LOW HITPOINT WARNING * * *
The black bear closely misses you. The black bear barely misses you.
You hit the black bear but do no damage.
The black bear is almost dead.
The black bear bites you.
* * * LOW HITPOINT WARNING * * *
The black bear claws you.
You die...

....<....(....# .
#........(....# .
##...B......#.. .
############## . . .
############ #
##..........##
#...@........## #
..).h.........#######
......)..............
........†............
..............#######
.............#
...........##
.........## ######.##


You could see a black bear (berserk, poisoned).

Vanquished Creatures
  A bombardier beetle (D:3)
  A dart slug (D:2)
  5 ball pythons
  2 bats (D:1)
  3 endoplasms (D:1)
  3 giant cockroaches
  3 goblins
  2 hobgoblins
  4 kobolds (D:2)
  A quokka (D:1)
  A frilled lizard (D:1)
  3 rats
29 creatures vanquished.

Notes
Turn   | Place    | Note
-------+----------+-------------------------------------------
     0 | D:1      | sking99 the Kobold Alchemist began the quest for the Orb.
     0 | D:1      | Reached XP level 1. HP: 10/10 MP: 3/3
   365 | D:1      | Reached XP level 2. HP: 16/16 MP: 1/5
   441 | D:1      | Learned a level 2 spell: Mercury Vapours
   443 | D:1      | Learned a level 1 spell: Sandblast
  1135 | D:1      | Reached skill level 1 in Fighting
  1359 | D:2      | Reached XP level 3. HP: 20/20 MP: 3/6
  1484 | D:2      | Reached skill level 1 in Earth Magic
  1795 | D:2      | Found a white marble altar of Elyvilon.
  2192 | D:3      | Reached XP level 4. HP: 23/25 MP: 0/7
  2301 | D:3      | Noticed a black bear
  2406 | D:3      | HP: 1/25 [black bear (5)]
  2406 | D:3      | Slain by a black bear

Illustrated notes

Levels and vault maps discovered:
D:1:      lightli_arrival_statuegarden, layout_loops_corners
D:2:      layout_basic, basic_altar
D:3:      layout_rooms, st_stairs_6

Skill      XL: |  1  2  3 |
---------------+----------+-----
Fighting       | 1 |  1.0
Earth Magic    | 2 |  2.6
Dodging        | |  2.4
Stealth        | |  2.6
Spellcasting   | |  2.4
Conjurations   | |  1.3
Air Magic      | |  0.1
Alchemy        | |  3.3

Action                     |  1- 3 |  4- 6 || total
---------------------------+-------+-------++-------
  Melee: Unarmed           |     1 |     4 ||     5
   Cast: Sting             |    60 |     2 ||    62
         Sandblast         |     2 |     4 ||     6
         Mercury Vapours   |     1 |     1 ||     2
 Armour: Robe              |     5 |    12 ||    17
  Dodge: Dodged            |    15 |    17 ||    32
